[Event "Titled Tuesday Blitz July 25 Early 2023"]
[White "Chor, Kevin"]
[Black "Willy, Stephen"]
[WhiteFideId "2090740"]
[BlackFideId "30981468"]
[WhiteElo "2519"]
[BlackElo "2422"]
[Result "1-0"]
[Round "11"]
[TimeControl "180+2"]
[Date "2023.07.25"]
[WhiteClock "0:00:06"]
[BlackClock "0:00:00"]
[Board "88"]

1. e4 Nc6 2. Nf3 d6 3. Bc4 Nf6 4. d3 Na5 5. Nbd2 Nxc4 6. Nxc4 d5 7. exd5 Nxd5 8. O-O g6 9. h3 Bg7 10. d4 O-O 11. Nce5 Nb6 12. a4 a5 13. c3 Be6 14. Re1 Bd5 15. Bf4 e6 16. Qd2 f6 17. Nd3 Bxf3 18. gxf3 Qd5 19. Bxc7 Nc4 20. Qe2 Rae8 21. Bg3 Nd6 22. Nf4 Qf5 23. Nxe6 Nf7 24. Qc4 Qxh3 25. Nxf8 Rxf8 26. Re7 g5 27. Rae1 Qh5 28. Qd5 Qg6 29. Rxb7 h5 30. Ree7 h4 31. Rxf7 Rxf7 32. Qxf7+ Qxf7 33. Rxf7 Kxf7 34. Bc7 Ke6 35. Bxa5 Kd5 36. b3 f5 37. Bc7 g4 38. fxg4 fxg4 39. Be5 Bf8 40. a5 Kc6 41. b4 Kb5 42. d5 Be7 43. d6 Bd8 44. Kg2 Bg5 45. Kf1 Bd8 46. Ke2 Bg5 47. Kd3 Bd8 48. Ke4 Bg5 49. Kf5 g3 50. fxg3 h3 51. g4 Bd8 52. g5 Kc6 53. g6 Kd5 54. g7 1-0


[Site "https://www.chess.com"]

[Event "Titled Tuesday Blitz July 25 Early 2023"]
[White "Astafurov, Arseniy"]
[Black "Khamdamova, Afruza"]
[WhiteFideId "24175218"]
[BlackFideId "14210444"]
[WhiteElo "2412"]
[BlackElo "2518"]
[Result "1-0"]
[Round "11"]
[TimeControl "180+2"]
[Date "2023.07.25"]
[WhiteClock "0:00:03"]
[BlackClock "0:00:00"]
[Board "89"]

1. c4 e6 2. g3 d5 3. Bg2 Nf6 4. Nf3 dxc4 5. Qa4+ Nbd7 6. Qxc4 a6 7. Qc2 c5 8. a4 b6 9. O-O Bb7 10. d3 Be7 11. b3 O-O 12. Bb2 Nd5 13. Nbd2 Bf6 14. Rfd1 Rc8 15. Nc4 Nb4 16. Qb1 Bxb2 17. Qxb2 Nf6 18. d4 Qe7 19. dxc5 Rxc5 20. Nxb6 Rc2 21. Qe5 Nc6 22. Qe3 Qb4 23. Nd7 Nxd7 24. Rxd7 Rb2 25. Ne5 Rxb3 26. Rxb7 Qxb7 27. Bxc6 Qb4 28. Qf4 Qc3 29. Bf3 Qxa1+ 30. Kg2 Rb1 31. h4 Rg1+ 32. Kh2 Rb1 33. h5 h6 34. Be4 Rb2 35. Bd3 Qa3 36. Qe4 f5 37. Qc6 Qb4 38. Qxe6+ Kh7 39. Qg6+ Kh8 40. Nf7+ Kg8 41. Ne5 Qd4 42. Qe6+ Kh7 43. Bxf5+ Rxf5 44. Qxf5+ Kg8 45. Qf7+ Kh7 46. Qf5+ Kg8 47. Ng6 Qd6 48. Kg2 Qc6+ 49. Kh2 Qd6 50. Qf3 Rb8 51. Kg2 Re8 52. e4 Qe6 53. e5 Rc8 54. Qe4 Qd7 55. Kh2 Qe6 56. Qf4 Re8 57. Qf3 Rc8 58. a5 1-0


[Site "https://www.chess.com"]

[Event "Titled Tuesday Blitz July 25 Early 2023"]
[White "Tokman, Ariel"]
[Black "TomLiu777"]
[WhiteFideId "117420"]
[WhiteElo "2518"]
[BlackElo "2398"]
[Result "0-1"]
[Round "11"]
[TimeControl "180+2"]
[Date "2023.07.25"]
[WhiteClock "0:01:22"]
[BlackClock "0:00:52"]
[Board "90"]

1. Nf3 Nf6 2. b3 g6 3. Bb2 Bg7 4. e3 c5 5. c4 O-O 6. Be2 Nc6 7. d3 d5 8. cxd5 Nxd5 9. Bxg7 Kxg7 10. Qc2 b6 11. a3 Bb7 12. O-O Rc8 13. Nbd2 Qd7 14. Qb2+ f6 15. Rfd1 e5 16. Ne4 Rcd8 17. h4 Qe6 18. Rdc1 Nce7 19. b4 cxb4 20. axb4 Nc6 21. b5 Na5 22. Ng3 Rc8 23. d4 e4 24. Nd2 f5 25. Nc4 f4 26. exf4 Rxf4 27. Ne5 Rcf8 28. h5 Rxf2 29. h6+ Kg8 30. Rf1 e3 31. Bf3 Rxb2 0-1


[Site "https://www.chess.com"]

[Event "Titled Tuesday Blitz July 25 Early 2023"]
[White "Girinath, P.D.S."]
[Black "only_strong_moves"]
[WhiteFideId "5000572"]
[WhiteElo "2382"]
[BlackElo "2518"]
[Result "1-0"]
[Round "11"]
[TimeControl "180+2"]
[Date "2023.07.25"]
[WhiteClock "0:00:59"]
[BlackClock "0:00:59"]
[Board "91"]

1. e4 e5 2. Nf3 Nc6 3. Bc4 Bc5 4. O-O Nf6 5. d4 Bxd4 6. Nxd4 Nxd4 7. Bg5 h6 8. Bh4 g5 9. f4 gxf4 10. Rxf4 Ne2+ 11. Bxe2 exf4 12. Qd4 O-O 13. Bxf6 Qe8 14. e5 d6 15. Qxf4 Qa4 16. Qxa4 1-0


[Site "https://www.chess.com"]

[Event "Titled Tuesday Blitz July 25 Early 2023"]
[White "Bilan, Danila"]
[Black "Smiechu"]
[WhiteFideId "24161918"]
[WhiteElo "2513"]
[BlackElo "2382"]
[Result "1-0"]
[Round "11"]
[TimeControl "180+2"]
[Date "2023.07.25"]
[WhiteClock "0:00:30"]
[BlackClock "0:01:50"]
[Board "92"]

1. d4 Nf6 2. Nf3 c5 3. e3 g6 4. c3 Bg7 5. Nbd2 b6 6. Bc4 Bb7 7. O-O O-O 8. Qe2 d6 9. a4 a6 10. e4 e5 11. dxe5 dxe5 12. Nxe5 Qe7 13. f4 Nbd7 14. Nxd7 Nxd7 15. e5 Kh8 16. Nf3 f6 17. e6 Nb8 18. f5 Nc6 19. fxg6 hxg6 20. Nh4 Ne5 21. Qxe5 fxe5 22. Nxg6+ Kh7 23. Nxe7 Rfe8 24. Bd3+ Kh8 25. Ng6+ Kg8 26. Bg5 e4 27. Bc4 Kh7 28. Nf4 Bc6 29. Bd5 Bxd5 30. Nxd5 Rxe6 31. Nc7 Rg6 32. Nxa8 Rxg5 33. Nxb6 e3 34. Nc4 e2 35. Rfe1 Rg4 36. Ne3 Re4 37. Rxe2 Bh6 38. Rae1 1-0


[Site "https://www.chess.com"]

[Event "Titled Tuesday Blitz July 25 Early 2023"]
[White "Turzo, Attila"]
[Black "Peiris, T G M"]
[WhiteFideId "704954"]
[BlackFideId "9901310"]
[WhiteElo "2508"]
[BlackElo "2370"]
[Result "1-0"]
[Round "11"]
[TimeControl "180+2"]
[Date "2023.07.25"]
[WhiteClock "0:00:12"]
[BlackClock "0:00:49"]
[Board "93"]

1. d4 e6 2. c4 f5 3. g3 Nf6 4. Bg2 Be7 5. Nf3 O-O 6. O-O d6 7. Nc3 Nc6 8. d5 Ne5 9. dxe6 Bxe6 10. Nxe5 dxe5 11. Bxb7 Rb8 12. Bd5 Bxd5 13. cxd5 Bb4 14. Bg5 Bxc3 15. Bxf6 Qxf6 16. bxc3 f4 17. Rb1 Rbd8 18. Qb3 Kh8 19. c4 e4 20. Rbd1 Qf5 21. gxf4 Qxf4 22. Qg3 Qf5 23. f4 Rd6 24. Kh1 Rg6 25. Qe3 Rg4 26. c5 g5 27. d6 cxd6 28. cxd6 gxf4 29. Qd4+ Kg8 30. d7 Rd8 31. Rg1 h5 32. h3 Rg3 33. Rxg3+ fxg3 34. Qd5+ Qxd5 35. Rxd5 h4 36. Kg2 Kf7 37. Rd4 e3 38. Rxh4 Kf6 39. Rd4 Ke5 40. Rd3 Kf4 41. h4 Kg4 42. h5 Kxh5 43. Kxg3 Kg5 44. Kf3 Kf5 45. Kxe3 Ke5 46. Kd2 Ke6 47. Kc3 Ke7 48. Kc4 a6 49. Kc5 a5 50. Kc6 a4 51. Kc7 Ra8 52. d8=Q+ 1-0


[Site "https://www.chess.com"]

[Event "Titled Tuesday Blitz July 25 Early 2023"]
[White "Petrovic, Aleksa"]
[Black "Rodriguez Santiago, Jaime"]
[WhiteFideId "967629"]
[BlackFideId "3100898"]
[WhiteElo "2505"]
[BlackElo "2369"]
[Result "1/2-1/2"]
[Round "11"]
[TimeControl "180+2"]
[Date "2023.07.25"]
[WhiteClock "0:00:32"]
[BlackClock "0:00:42"]
[Board "94"]

1. d4 Nf6 2. c4 e6 3. Nf3 d5 4. Nc3 c5 5. cxd5 Nxd5 6. e4 Nxc3 7. bxc3 cxd4 8. cxd4 Bb4+ 9. Bd2 Bxd2+ 10. Qxd2 O-O 11. Bc4 Nd7 12. O-O b6 13. Rad1 Bb7 14. d5 Nc5 15. dxe6 fxe6 16. Nd4 Qe7 17. Nxe6 Nxe6 18. Qd7 Rae8 19. Bxe6+ Qxe6 20. Qxb7 Rf7 21. Qa6 Qxe4 22. h3 Qc2 23. Qb5 Ref8 24. Qd5 h6 25. Rc1 Qa4 26. Rc7 g6 27. Re1 Qf4 28. Rxf7 Rxf7 29. f3 Kg7 30. Re4 Qc7 31. Rc4 1/2-1/2


[Site "https://www.chess.com"]

[Event "Titled Tuesday Blitz July 25 Early 2023"]
[White "Mei, Austin"]
[Black "Slovineanu, Viacheslav"]
[WhiteFideId "30948479"]
[BlackFideId "13900510"]
[WhiteElo "2488"]
[BlackElo "2357"]
[Result "1-0"]
[Round "11"]
[TimeControl "180+2"]
[Date "2023.07.25"]
[WhiteClock "0:01:29"]
[BlackClock "0:00:06"]
[Board "95"]

1. e4 c6 2. d4 d5 3. f3 dxe4 4. fxe4 e5 5. Nf3 Be6 6. c3 Nd7 7. Bd3 Bd6 8. O-O Ngf6 9. Nbd2 b5 10. a4 a6 11. h3 O-O 12. Ng5 Qe7 13. Ndf3 h6 14. Nxe6 fxe6 15. Be3 exd4 16. Nxd4 Ne5 17. axb5 axb5 18. Rxa8 Rxa8 19. Be2 Nxe4 20. Qc2 Nf6 21. Bf4 Rc8 22. Qb3 Nd5 23. Bh2 Nc4 24. Bxc4 bxc4 25. Qxc4 Ne3 26. Bxd6 Qxd6 27. Qa6 Nxf1 28. Qxc8+ Kh7 29. Kxf1 c5 30. Nf3 Qd1+ 31. Kf2 Qc2+ 32. Kg1 Qxb2 33. Qxc5 Qc1+ 34. Kf2 Qf4 35. Qe3 Qc4 36. Ne5 Qa2+ 37. Kg3 Qd5 38. Qd3+ 1-0


[Site "https://www.chess.com"]

[Event "Titled Tuesday Blitz July 25 Early 2023"]
[White "Makhmudov, Shukhrat"]
[Black "Papayan, Oleg"]
[WhiteFideId "14200775"]
[BlackFideId "4193911"]
[WhiteElo "2353"]
[BlackElo "2482"]
[Result "1/2-1/2"]
[Round "11"]
[TimeControl "180+2"]
[Date "2023.07.25"]
[WhiteClock "0:00:27"]
[BlackClock "0:01:20"]
[Board "96"]

1. e4 d5 2. exd5 Qxd5 3. Nc3 Qd8 4. d4 Bf5 5. Bd3 Bxd3 6. Qxd3 c6 7. Nf3 Nf6 8. O-O e6 9. Re1 Be7 10. Ne2 O-O 11. Ng3 Nbd7 12. c3 Re8 13. Bf4 Nf8 14. Ne5 Ng6 15. Nxg6 hxg6 16. Rad1 Qa5 17. a3 Rad8 18. Qf3 Qd5 19. Qxd5 cxd5 20. f3 b5 21. Nf1 Nd7 22. Nd2 Nb6 23. Bc7 Rc8 24. Bxb6 axb6 25. Nb3 Bd6 26. Re2 f6 27. Rde1 Kf7 28. g3 Rc4 29. f4 Re7 30. Nc1 Rc8 31. Nd3 Rh8 32. Kg2 Rh5 33. h3 Rh8 34. g4 Rh4 35. Kg3 g5 36. Rf1 Re8 37. Kg2 gxf4 38. Nxf4 Reh8 39. Nxe6 Rxh3 1/2-1/2


[Site "https://www.chess.com"]

[Event "Titled Tuesday Blitz July 25 Early 2023"]
[White "Prydun, Andriy"]
[Black "Lehtosaari, Mauri"]
[WhiteFideId "14145898"]
[BlackFideId "501999"]
[WhiteElo "2344"]
[BlackElo "2482"]
[Result "0-1"]
[Round "11"]
[TimeControl "180+2"]
[Date "2023.07.25"]
[WhiteClock "0:00:00"]
[BlackClock "0:00:21"]
[Board "97"]

1. d4 d5 2. Nf3 c6 3. Bf4 Qb6 4. Qc1 g6 5. a3 a5 6. Nc3 Bg7 7. Na4 Qa7 8. Nc5 Bxd4 9. Nd3 Bg7 10. g4 Bxg4 11. Nfe5 Bf5 12. Bg2 Nf6 13. c3 Nbd7 14. Be3 Qb8 15. Bf4 Nxe5 16. Nxe5 Nh5 17. Nxc6 Qxf4 18. Bxd5 Qxc1+ 19. Rxc1 Nf4 20. Bf3 e5 21. b4 bxc6 22. Bxc6+ Ke7 23. Bxa8 Rxa8 24. c4 axb4 25. axb4 Be6 26. c5 Bd5 27. Rg1 Bc6 28. Rg3 Nd5 29. Rb3 Rb8 30. Rcb1 Bb5 31. R3b2 e4 32. Rb3 Ke6 0-1


[Site "https://www.chess.com"]

[Event "Titled Tuesday Blitz July 25 Early 2023"]
[White "Vemparala, Nikash"]
[Black "Heinemann, Josefine"]
[WhiteFideId "30960967"]
[BlackFideId "12900460"]
[WhiteElo "2292"]
[BlackElo "2472"]
[Result "1/2-1/2"]
[Round "11"]
[TimeControl "180+2"]
[Date "2023.07.25"]
[WhiteClock "0:00:09"]
[BlackClock "0:00:46"]
[Board "98"]

1. e4 c5 2. Nf3 d6 3. d4 cxd4 4. Nxd4 Nf6 5. Nc3 a6 6. f3 e5 7. Nb3 Be6 8. Be3 h5 9. Nd5 Bxd5 10. exd5 Nbd7 11. Qd2 Nb6 12. c4 Rc8 13. Rc1 g6 14. Be2 Bg7 15. O-O O-O 16. Qb4 Nbxd5 17. cxd5 Nxd5 18. Qd2 Nxe3 19. Qxe3 Rxc1 20. Rxc1 d5 21. Qc5 e4 22. Rd1 exf3 23. Bxf3 Bxb2 24. Bxd5 Qh4 25. Qb6 Kg7 26. Nd4 Bxd4+ 27. Qxd4+ Qxd4+ 28. Rxd4 Rd8 29. Rd1 b5 30. Bf3 Rc8 31. Bb7 Rc2 32. Bxa6 Rxa2 33. Bxb5 Rb2 34. Bc4 Rc2 35. Bb3 Rb2 36. Bd5 h4 37. Re1 Rd2 38. Bc4 Rc2 39. Bf1 f5 40. Re2 Rxe2 41. Bxe2 Kf6 42. Kf2 g5 43. g3 Ke5 44. Kf3 Kf6 45. Bd3 Ke5 46. Bc2 Kf6 47. Bb1 Ke5 48. Bd3 Kf6 49. Bc2 Ke5 50. Kg2 hxg3 51. hxg3 g4 52. Bd1 f4 53. Bxg4 fxg3 54. Kxg3 1/2-1/2


[Site "https://www.chess.com"]

[Event "Titled Tuesday Blitz July 25 Early 2023"]
[White "Zaksaite, Salomeja"]
[Black "ExchangeAB"]
[WhiteFideId "12801496"]
[WhiteElo "2317"]
[BlackElo "2461"]
[Result "0-1"]
[Round "11"]
[TimeControl "180+2"]
[Date "2023.07.25"]
[WhiteClock "0:00:00"]
[BlackClock "0:00:29"]
[Board "99"]

1. e4 c6 2. d4 d5 3. exd5 cxd5 4. Bd3 Nf6 5. Bf4 Nc6 6. c3 Bg4 7. f3 Bh5 8. Ne2 e6 9. Qb3 Qd7 10. Na3 a6 11. Nc2 Bg6 12. Bxg6 hxg6 13. Ne3 Be7 14. a4 Rc8 15. O-O O-O 16. Be5 Na5 17. Qa2 Ne8 18. b3 Nd6 19. Rab1 Nf5 20. Qd2 Nxe3 21. Qxe3 Bd6 22. Rfe1 Bxe5 23. Qxe5 Qc7 24. Qxc7 Rxc7 25. Kf2 Rfc8 26. Ke3 g5 27. Kd3 Kf8 28. Rec1 Ke7 29. Ng1 Nc6 30. Nh3 Kf6 31. Nf2 Nb4+ 32. Kd2 Nc6 33. Ng4+ Kf5 34. Ne3+ Kg6 35. Re1 Rb8 36. Ng4 b5 37. axb5 Rxb5 38. Ne5+ Nxe5 39. Rxe5 Rcb7 40. Kc2 Ra5 41. Rb2 Ra1 42. Re2 Kf6 43. h3 g6 44. Rd2 Kf5 45. Re2 Kf4 46. Kd2 Kg3 47. Ke3 Rg1 48. Kd3 a5 49. Ke3 Rb6 50. Kd3 Rd1+ 51. Ke3 Ra1 52. Kd3 Kf4 0-1


[Site "https://www.chess.com"]

[Event "Titled Tuesday Blitz July 25 Early 2023"]
[White "Torres Hernandez, Leslie Carolin"]
[Black "Timerkhanov, Alexander"]
[WhiteFideId "8400504"]
[BlackFideId "24177938"]
[WhiteElo "2290"]
[BlackElo "2648"]
[Result "1/2-1/2"]
[Round "11"]
[TimeControl "180+2"]
[Date "2023.07.25"]
[WhiteClock "0:00:05"]
[BlackClock "0:01:19"]
[Board "100"]

1. e4 c5 2. Nf3 a6 3. d4 cxd4 4. Nxd4 Nf6 5. Bd3 e5 6. Nf3 d5 7. Nxe5 dxe4 8. Bc4 Qxd1+ 9. Kxd1 Be6 10. Nc3 Bxc4 11. Nxc4 Nbd7 12. a4 O-O-O 13. Ke1 Bc5 14. Be3 Bxe3 15. Nxe3 Ne5 16. Ke2 Nc6 17. Rhd1 Nd4+ 18. Kf1 Rd7 19. Nc4 Rdd8 20. Ne5 Rhf8 21. Rd2 Nc6 22. Rxd8+ Rxd8 23. Nxc6 bxc6 24. Ke2 Nd5 25. Nxe4 Re8 26. Kf3 Kc7 27. a5 Nb4 28. c3 Nd3 29. b4 Ne5+ 30. Kg3 f5 31. Nc5 g5 32. f4 Ng6 33. fxg5 Re3+ 34. Kf2 Rxc3 35. Nxa6+ Kb7 36. Nc5+ Ka7 37. Rd1 Ne5 38. h3 f4 39. Re1 Rc2+ 40. Kg1 Nc4 41. Re7+ Ka8 42. a6 Ne3 43. Re8+ Ka7 44. Re7+ Ka8 45. Re8+ Ka7 46. Re7+ Ka8 1/2-1/2


[Site "https://www.chess.com"]

[Event "Titled Tuesday Blitz July 25 Early 2023"]
[White "Erzhanov, Arman"]
[Black "Sadykov, Ramil"]
[WhiteFideId "4138821"]
[BlackFideId "24113590"]
[WhiteElo "2469"]
[BlackElo "2553"]
[Result "0-1"]
[Round "11"]
[TimeControl "180+2"]
[Date "2023.07.25"]
[WhiteClock "0:00:54"]
[BlackClock "0:00:30"]
[Board "101"]

1. e4 c5 2. Nf3 e6 3. b3 Nc6 4. Bb5 Nge7 5. Bb2 a6 6. Bxc6 Nxc6 7. O-O Rg8 8. c4 g5 9. h3 h5 10. Nh2 g4 11. hxg4 hxg4 12. Nxg4 Bg7 13. Bxg7 Rxg7 14. e5 Qg5 15. f3 Nxe5 16. Nc3 Nxg4 17. fxg4 Qxg4 18. Rf2 Qxd1+ 19. Rxd1 b6 20. Ne4 Ke7 21. d4 f5 22. Nc3 cxd4 23. Rxd4 Bb7 24. Rfd2 Bc6 25. Nd1 Rag8 26. Ne3 Kf6 27. b4 Ke5 28. Rh4 f4 29. Nd1 Rxg2+ 30. Rxg2 Rxg2+ 31. Kf1 Rxa2 32. b5 axb5 33. cxb5 Bxb5+ 34. Ke1 Re2+ 35. Kf1 Rh2+ 36. Kg1 Rxh4 37. Nf2 Bc6 38. Kf1 Kd4 39. Ke2 Rh2 40. Ke1 Bf3 41. Kf1 Ke3 42. Ke1 Be2 43. Nd1+ Bxd1 44. Kxd1 Kd3 45. Kc1 f3 46. Kb1 Kc3 47. Ka1 Kb3 0-1


[Site "https://www.chess.com"]

[Event "Titled Tuesday Blitz July 25 Early 2023"]
[White "Galiot, Goran"]
[Black "Luukkonen, Tommi"]
[WhiteFideId "931560"]
[BlackFideId "501808"]
[WhiteElo "2538"]
[BlackElo "2463"]
[Result "0-1"]
[Round "11"]
[TimeControl "180+2"]
[Date "2023.07.25"]
[WhiteClock "0:00:42"]
[BlackClock "0:01:22"]
[Board "102"]

1. d4 d5 2. c4 e6 3. Nf3 Nf6 4. Bg5 Nbd7 5. e3 h6 6. Bxf6 Nxf6 7. Nc3 c6 8. Qc2 g6 9. O-O-O Bg7 10. Kb1 O-O 11. Ne5 a6 12. f4 Nd7 13. g4 Nxe5 14. fxe5 Qg5 15. cxd5 exd5 16. e4 Bxg4 17. Be2 Bxe2 18. Qxe2 Rad8 19. h4 Qe7 20. h5 g5 21. Rhf1 b5 22. exd5 cxd5 23. Qf3 Qe6 24. Rde1 Rd7 25. Ne2 f5 26. Nc1 f4 27. Nb3 g4 28. Qf2 Qf5+ 29. Ka1 Re7 30. Nc5 f3 31. Rg1 Qxh5 32. Nxa6 Qf5 33. Nb4 Qe6 34. Qxf3 gxf3 0-1


[Site "https://www.chess.com"]

[Event "Titled Tuesday Blitz July 25 Early 2023"]
[White "UNSTOPPABLE_LEGEND"]
[Black "Fiorito, Francisco"]
[BlackFideId "180165"]
[WhiteElo "2456"]
[BlackElo "2532"]
[Result "0-1"]
[Round "11"]
[TimeControl "180+2"]
[Date "2023.07.25"]
[WhiteClock "0:00:05"]
[BlackClock "0:01:10"]
[Board "103"]

1. Nf3 Nf6 2. c4 b6 3. g3 Bb7 4. Bg2 g6 5. O-O Bg7 6. d4 O-O 7. Nc3 Ne4 8. Qc2 Nxc3 9. bxc3 d6 10. e4 c5 11. Re1 Nc6 12. Be3 Na5 13. Nd2 Rc8 14. d5 Ba6 15. Bf1 Qd7 16. f4 e6 17. Rab1 Rfe8 18. Bf2 exd5 19. cxd5 Bxf1 20. Kxf1 b5 21. Kg2 a6 22. c4 b4 23. Nb3 Nb7 24. Nc1 a5 25. Nd3 Bc3 26. Re2 f6 27. Be1 Bd4 28. Bf2 Bxf2 29. Rxf2 Rxe4 30. Ne5 Rxe5 31. fxe5 fxe5 32. Rbf1 Re8 33. Rf7 Qxf7 34. Rxf7 Kxf7 35. Qd1 Re7 36. Qg4 a4 37. h4 a3 38. Qf3+ Kg7 39. h5 Rf7 40. h6+ Kf8 41. Qg4 Nd8 42. Qc8 Ke8 43. Qb8 Rd7 44. Qb5 Ke7 45. Kf3 Nf7 46. Qb8 Nxh6 47. Qh8 Nf7 48. Qb8 h5 49. Ke3 g5 50. Kd3 Rd8 51. Qc7+ Kf6 52. Kc2 h4 53. gxh4 gxh4 54. Qa5 h3 55. Qa4 h2 56. Qb3 h1=Q 57. Qd3 e4 58. Qe3 Qg2+ 59. Kb3 Qf3 0-1


[Site "https://www.chess.com"]

[Event "Titled Tuesday Blitz July 25 Early 2023"]
[White "Eynullayev, Atilla"]
[Black "Akylbek2021"]
[WhiteFideId "13413570"]
[WhiteElo "2529"]
[BlackElo "2451"]
[Result "1-0"]
[Round "11"]
[TimeControl "180+2"]
[Date "2023.07.25"]
[WhiteClock "0:01:57"]
[BlackClock "0:00:00"]
[Board "104"]

1. d4 Nf6 2. c4 g6 3. Nc3 d5 4. cxd5 Nxd5 5. e4 Nxc3 6. bxc3 Bg7 7. Nf3 O-O 8. Be2 c5 9. O-O Nc6 10. Be3 Bg4 11. d5 Bxf3 12. Bxf3 Ne5 13. Be2 Qc7 14. c4 Nd7 15. Rb1 f5 16. exf5 gxf5 17. d6 Qxd6 18. Rxb7 Nb6 19. Bf3 f4 20. Bc1 Bd4 21. Qe2 Rf6 22. Rxb6 axb6 23. Bxa8 f3 24. Bxf3 Rh6 25. g3 Rg6 26. Bd5+ Kg7 27. Qf3 1-0


[Site "https://www.chess.com"]

[Event "Titled Tuesday Blitz July 25 Early 2023"]
[White "Rietze, Clemens, Dr."]
[Black "Gontcharov, Vladislav"]
[WhiteFideId "24620351"]
[BlackFideId "4123492"]
[WhiteElo "2450"]
[BlackElo "2513"]
[Result "0-1"]
[Round "11"]
[TimeControl "180+2"]
[Date "2023.07.25"]
[WhiteClock "0:00:23"]
[BlackClock "0:00:44"]
[Board "105"]

1. d4 Nf6 2. c4 e6 3. Nf3 Bb4+ 4. Bd2 Qe7 5. Nc3 O-O 6. Qc2 d6 7. a3 Bxc3 8. Bxc3 Nbd7 9. e4 e5 10. d5 a5 11. b3 Nc5 12. Nd2 Nh5 13. g3 f5 14. Be2 Qg5 15. Bf3 Nf6 16. O-O Kh8 17. Rfe1 fxe4 18. Bxe4 Nfxe4 19. Nxe4 Qg6 20. Qe2 Nxb3 21. Rab1 a4 22. Rb2 Bf5 23. Nd2 Bd3 24. Qe3 b6 25. f4 exf4 0-1


[Site "https://www.chess.com"]

[Event "Titled Tuesday Blitz July 25 Early 2023"]
[White "Krzywda, Andrzej"]
[Black "Terletsky, Oleg"]
[WhiteFideId "1114565"]
[BlackFideId "14116774"]
[WhiteElo "2426"]
[BlackElo "2508"]
[Result "0-1"]
[Round "11"]
[TimeControl "180+2"]
[Date "2023.07.25"]
[WhiteClock "0:00:05"]
[BlackClock "0:00:05"]
[Board "106"]

1. e4 e5 2. Nf3 Nc6 3. Bb5 a6 4. Ba4 Nf6 5. O-O Be7 6. Re1 b5 7. Bb3 d6 8. c3 O-O 9. h3 Bb7 10. d4 Re8 11. Nbd2 Bf8 12. a4 h6 13. Bc2 exd4 14. cxd4 Nb4 15. Bb1 c5 16. d5 Nd7 17. Ra3 c4 18. Nd4 Qf6 19. N2f3 Nc5 20. b3 Nbd3 21. Bxd3 Nxd3 22. Re3 b4 23. Ra1 Nxc1 24. Rxc1 c3 25. a5 Rab8 26. Qd3 g6 27. Nc2 Bc8 28. Qc4 Bg7 29. Nxb4 Bd7 30. Nc6 Rb5 31. b4 Rc8 32. Nfd4 Qxd4 33. Ne7+ Kh7 34. Qxd4 Bxd4 35. Rd3 Re8 36. Rxd4 Rxe7 37. Rxc3 Be8 38. Rc8 f5 39. f3 fxe4 40. fxe4 g5 41. Kf2 Bg6 42. Ke3 Reb7 43. Rcc4 Kg7 44. Kd2 Kf6 45. Kc3 Ke5 46. Rc6 Bxe4 47. Rxa6 Bxd5 48. Ra8 Rc7+ 49. Kd2 Kxd4 50. Rh8 Rxb4 51. Rxh6 Rb2+ 52. Kd1 Bb3+ 53. Ke1 Rc1# 0-1


[Site "https://www.chess.com"]

[Event "Titled Tuesday Blitz July 25 Early 2023"]
[White "Kaplan, Avi Harrison"]
[Black "Tobak, Mikhail"]
[WhiteFideId "30934559"]
[BlackFideId "14165570"]
[WhiteElo "2505"]
[BlackElo "2409"]
[Result "0-1"]
[Round "11"]
[TimeControl "180+2"]
[Date "2023.07.25"]
[WhiteClock "0:00:24"]
[BlackClock "0:00:38"]
[Board "107"]

1. e4 Nf6 2. Qf3 e5 3. Bc4 Nc6 4. Ne2 Bc5 5. a3 d6 6. h3 Be6 7. Bxe6 fxe6 8. Nbc3 O-O 9. d3 Nd5 10. Qg4 Bxf2+ 11. Kd1 Nxc3+ 12. Nxc3 Qd7 13. Rf1 Bd4 14. Re1 Bxc3 15. bxc3 Qf7 16. Be3 d5 17. Kc1 b6 18. Kb2 d4 19. cxd4 exd4 20. Bd2 Rae8 21. h4 e5 22. h5 Qe6 23. Qg3 Nd8 24. h6 g6 25. Rf1 c5 26. Qg5 Nc6 27. g4 b5 28. a4 c4 29. axb5 c3+ 30. Bxc3 dxc3+ 31. Kxc3 Nd4 32. Rxf8+ Rxf8 33. Rxa7 Nxb5+ 34. Kd2 Nxa7 35. Qe3 Nc6 36. Qb6 Nd4 37. Qa7 Qf7 38. Qa6 Qf2+ 39. Kc3 Qxc2+ 40. Kb4 Rb8+ 41. Qb5 Rxb5+ 42. Ka3 Qb3# 0-1


[Site "https://www.chess.com"]

[Event "Titled Tuesday Blitz July 25 Early 2023"]
[White "Sriniaiyer, Sudarshan"]
[Black "To, Nhat Minh"]
[WhiteFideId "30937213"]
[BlackFideId "729019"]
[WhiteElo "2378"]
[BlackElo "2502"]
[Result "0-1"]
[Round "11"]
[TimeControl "180+2"]
[Date "2023.07.25"]
[WhiteClock "0:00:39"]
[BlackClock "0:01:47"]
[Board "108"]

1. c4 e5 2. g3 c6 3. Nf3 e4 4. Nd4 d5 5. cxd5 Qxd5 6. e3 Nf6 7. Bg2 Bc5 8. Nc3 Qe5 9. Nc2 O-O 10. O-O Rd8 11. a3 a5 12. b3 Bf5 13. Qe2 Na6 14. Bb2 Qe6 15. Na4 Qxb3 16. Nxc5 Qxb2 17. Nxa6 Qxc2 18. Nc7 Rxd2 19. Qe1 Rc8 20. Rc1 Qd3 21. Rc5 Bg4 22. Nb5 cxb5 0-1


[Site "https://www.chess.com"]

[Event "Titled Tuesday Blitz July 25 Early 2023"]
[White "Womacka, Mathias"]
[Black "Melikhov, Evgeny V."]
[WhiteFideId "4611390"]
[BlackFideId "4122046"]
[WhiteElo "2499"]
[BlackElo "2377"]
[Result "1-0"]
[Round "11"]
[TimeControl "180+2"]
[Date "2023.07.25"]
[WhiteClock "0:00:29"]
[BlackClock "0:00:27"]
[Board "109"]

1. e4 e5 2. Nf3 Nc6 3. Bb5 a6 4. Bxc6 dxc6 5. O-O f6 6. d4 exd4 7. Nxd4 c5 8. Ne2 Qxd1 9. Rxd1 Bd7 10. Nbc3 O-O-O 11. Be3 Re8 12. Rd2 Bc6 13. Rad1 b6 14. f3 Ne7 15. Nf4 f5 16. Ne6 fxe4 17. Rd8+ Kb7 18. Rxe8 Bxe8 19. Rd8 Bf7 20. Rxf8 Rxf8 21. Nxf8 exf3 22. Nxh7 fxg2 23. Kxg2 Nf5 24. Bf2 Nd4 25. Bxd4 cxd4 26. Ne2 Bxa2 27. Nxd4 Bb1 28. Ng5 c5 29. Nde6 Bxc2 30. Nxg7 a5 31. Kf3 a4 32. h4 b5 33. Ne4 Kb6 34. Ke3 b4 35. h5 Bxe4 36. Kxe4 a3 37. bxa3 bxa3 38. h6 a2 39. h7 a1=Q 40. h8=Q Qd4+ 41. Kf3 Qd3+ 42. Kf4 Qd4+ 43. Kf5 Qd5+ 44. Kf6 Qd4+ 45. Ke6 Qe4+ 46. Kf7 Qd5+ 47. Ne6 Qc6 48. Qb2+ Ka6 49. Ke7 c4 50. Qa3+ Kb6 51. Qb4+ Ka6 52. Qc3 Ka7 53. Nd4 Qc7+ 54. Ke6 Qc6+ 55. Nxc6+ 1-0


[Site "https://www.chess.com"]

[Event "Titled Tuesday Blitz July 25 Early 2023"]
[White "LLariMarc"]
[Black "Roberson, Peter T"]
[BlackFideId "412384"]
[WhiteElo "2362"]
[BlackElo "2483"]
[Result "0-1"]
[Round "11"]
[TimeControl "180+2"]
[Date "2023.07.25"]
[WhiteClock "0:00:43"]
[BlackClock "0:00:30"]
[Board "110"]

1. d4 Nf6 2. Nf3 c5 3. c3 g6 4. Bg5 Bg7 5. Nbd2 O-O 6. e3 b6 7. Bd3 Bb7 8. O-O d6 9. Re1 Nbd7 10. Qe2 h6 11. Bxf6 exf6 12. Rad1 Re8 13. h3 f5 14. Bc4 Nf6 15. Nf1 Qc7 16. N1h2 Re7 17. Qc2 Rc8 18. Bf1 Ne4 19. d5 a6 20. c4 Rb8 21. a4 Bc8 22. Nd2 Bd7 23. Nxe4 fxe4 24. Ra1 b5 25. cxb5 axb5 26. a5 Ra8 27. Qd2 Ree8 28. Ra2 Ra7 29. Rea1 Rea8 30. h4 h5 31. g3 b4 32. Bc4 Rxa5 33. Rxa5 Rxa5 34. Rxa5 Qxa5 35. b3 Bb5 36. Qc2 Qa6 37. Bxb5 Qxb5 38. Qxe4 c4 39. bxc4 Qa4 40. c5 dxc5 41. d6 Qd1+ 42. Kg2 Qxd6 43. Nf3 b3 44. Ng5 b2 45. Qe8+ Qf8 46. Qb5 c4 47. Nf3 c3 48. Ne1 Qa8+ 49. Kh2 Qa1 50. Qe8+ Bf8 51. Nc2 Qf1 52. Na3 Qxf2+ 0-1


[Site "https://www.chess.com"]